 Dungeon Crawl Stone Soup version 0.17.1-2-g5865329 (webtiles) character file.

48 Mysteryquy the Insei (level 3, 0/23 HPs)
             Began as an Octopode Transmuter on Jan 21, 2016.
             Slain by a jackal (2 damage)
             ... on level 3 of the Dungeon.
             The game lasted 00:03:47 (1833 turns).

Mysteryquy the Insei (Octopode Transmuter)          Turns: 1833, Time: 00:03:47

Health: 0/23       AC:  1    Str:  9    XL:     3   Next: 72%
Magic:  6/6        EV:  7    Int: 20    God:
Gold:   48         SH:  0    Dex: 12    Spells: 1 memorised, 5 levels left

rFire  . . .     SeeInvis .       - Unarmed
rCold  . . .     Clarity  .     (no shield)
rNeg   . . .     SustAt   .     (helmet restricted)
rPois  .         Gourm    .     (no amulet)
rElec  .         Spirit   .     l - +4 ring of intelligence
rCorr  .         Warding  .     (no ring)
rMut   .         Stasis   .     (no ring)
MR     .....                    (no ring)
Stlth  +++.......               (no ring)
                                (no ring)
                                (no ring)
                                (no ring)

@: not resistant to hostile enchantments, fairly stealthy
A: almost no armour, amphibious, 8 rings, constrict 8, camouflage 1, gelatinous
body 1
a: no special abilities


You were on level 3 of the Dungeon.
You were not hungry.

You visited 1 branch of the dungeon, and saw 3 of its levels.

You collected 48 gold pieces.

Inventory:

Missiles
 a - 12 arrows
Jewellery
 l - a +4 ring of intelligence (left tentacle)
Scrolls
 d - a scroll of enchant weapon {unknown}
 e - a scroll of immolation {unknown}
 f - a scroll of noise {unknown}
 g - 3 scrolls of remove curse {unknown}
 j - a scroll of amnesia {unknown}
Potions
 h - a potion of might {unknown}
 k - a potion of lignification {unknown}
Books
 b - a book of Changes

   Spells                             Type                      Level
   a - Beastly Appendage              Transmutation                1
   b - Sticks to Snakes               Transmutation                2
   c - Spider Form                    Transmutation/Poison         3
   d - Ice Form                       Ice/Transmutation            4
   e - Blade Hands                    Transmutation                5
Comestibles
 c - 3 bread rations
 i - 3 meat rations
 m - a chunk of flesh


   Skills:
 + Level 1.3 Fighting
 + Level 2.6 Dodging
 + Level 1.7 Stealth
 + Level 3.6 Unarmed Combat
 + Level 2.0 Spellcasting
 + Level 2.2 Transmutations


You had 5 spell levels left.
You knew the following spells:

 Your Spells              Type           Power        Failure   Level  Hunger
a - Beastly Appendage     Trmt           ##....       10%         1    #......


Dungeon Overview and Level Annotations

Branches:
Dungeon (3/15)

Altars:
Ashenzari
Gozag
Nemelex Xobeh
Trog


Innate Abilities, Weirdness & Mutations

You cannot wear most types of armour.
You are amphibious.
You can wear up to eight rings at the same time.
You can use your tentacles to constrict eight enemies at once.
Your skin changes colour to match your surroundings (Stealth).
Your rubbery body absorbs attacks (AC +1).


Message History

You constrict the goblin, but do no damage.
The jackal bites you.
* * * LOW HITPOINT WARNING * * *
The goblin closely misses you.
A ball python comes into view.
You release your grip on the goblin.
The jackal pauses to sniff the ground.
The jackal bites you.
* * * LOW HITPOINT WARNING * * *
The ball python moves out of view.
You see here a mace.
The jackal barely misses you. The jackal barely misses you.
The jackal completely misses you.
The jackal stops to sniff the ground.
There is a stone staircase leading up here.
The jackal bites you.
* * * LOW HITPOINT WARNING * * *
The jackal bites you.
You die...

###########
#..@h..)..#
#..gh.....#
#.........#
#.<...r...#
#.........#
#.........#
......[..).####
#####.#........##
#.......%)..#


You could see 2 jackals, a goblin and a rat.

Vanquished Creatures
  A giant gecko (D:1)
  An orc (D:3)
  9 bats
  A giant cockroach (D:2)
  2 goblins
  11 hobgoblins
  6 kobolds
  A ball python (D:1)
  A giant newt (D:1)
  7 rats
40 creatures vanquished.

Notes
Turn   | Place    | Note
--------------------------------------------------------------
     0 | D:1      | Mysteryquy the Octopode Transmuter began the quest for the Orb.
     0 | D:1      | Reached XP level 1. HP: 13/13 MP: 3/3
   259 | D:1      | Reached XP level 2. HP: 9/18 MP: 5/5
   914 | D:1      | Reached XP level 3. HP: 11/23 MP: 6/6
  1177 | D:1      | Reached skill level 1 in Stealth
  1367 | D:2      | Found an opulent altar of Gozag.
  1369 | D:2      | Found a shattered altar of Ashenzari.
  1371 | D:2      | Found a sparkling altar of Nemelex Xobeh.
  1379 | D:2      | Found a bloodstained altar of Trog.
  1833 | D:3      | Slain by a jackal

Action                   || total
-------------------------++-------
Melee: Unarmed           ||   105
 Stab: Sleeping          ||     8
  Eat: Chunk             ||     3
